Map: Winter's Gate LE

Players

jarrett - Winner!

  • Race: Protoss Protoss
  • League: Platinum
  • Spawn Location: 11:00

pHARM

  • Race: Zerg Zerg
  • League: Platinum
  • Spawn Location: 5:00

VOD

Have the link to the VOD?

Description

Time

  • Played on: Sept. 2, 2019, 8:16 p.m.
  • Length: 7:14
Show
View Real Time Build Order
Export as new Build Order

jarrett Protoss - Winner!

Build Orders: Colossus Rush 

Get SALT Encoding   

  12  0:01  Probe  
  13  0:13  Probe  
  14  0:17  Pylon  
  14  0:25  Probe  
  15  0:37  Gateway  
  15  0:39  Probe  
  16  0:52  Probe  
  16  0:57  Gateway  
  17  1:08  Probe  
  17  1:10  Assimilator  
  18  1:20  Probe  
  18  1:23  Assimilator  
  19  1:26  Cybernetics Core  
  19  1:28  Zealot  
  21  1:35  Pylon  
  21  1:38  Probe  
  22  1:51  Probe  
  23  1:54  Zealot  
  23  2:01  Warp Gate  
  25  2:06  Probe  
  26  2:20  Robotics Facility  
  26  2:23  Probe  
  27  2:35  Probe  
  28  2:46  Nexus  
  28  2:50  Probe  
  28  3:00  Pylon  
  28  3:02  Probe  
  29  3:12  Robotics Bay  
  29  3:14  Probe  
  30  3:25  Gateway  
  30  3:33  Forge  
  30  3:36  Probe  
  31  3:47  Gateway  
  31  3:54  Shield Battery  
  31  4:00  Probe  
  31  4:02  Probe  
  33  4:11  Extended Thermal Lance  
  33  4:12  Probe  
  33  4:13  Observer  
  33  4:14  Probe  
  36  4:24  Probe  
  37  4:36  Stalker x3  
  43  4:39  Probe x2  
  45  4:46  Sentry  
  45  4:49  Colossus  
  53  5:13  Pylon  
  53  5:15  Pylon  
  53  5:32  Zealot x4  
  53  5:34  Colossus  
  61  5:38  Probe x2  
  69  5:58  Pylon  
  69  6:00  Pylon  
  69  6:05  Nexus  
  69  6:16  Assimilator  
  69  6:17  Probe  
  69  6:18  Probe, Assimilator  
  71  6:19  Sentry x2  
  71  6:20  Zealot x2  
  79  6:29  Probe  
  80  6:51  Probe x2  
  82  6:54  Zealot x2  
  86  7:02  Pylon  
Show
View Real Time Build Order
Export as new Build Order

pHARM Zerg 

Build Orders: Hatch First 

Get SALT Encoding   

  12  0:11  Overlord  
  12  0:20  Drone  
  13  0:24  Drone  
  14  0:30  Drone  
  15  0:39  Drone  
  16  0:54  Hatchery  
  15  1:00  Drone x2  
  17  1:12  Drone  
  18  1:26  Spawning Pool  
  18  1:27  Drone x2  
  19  1:39  Drone  
  20  1:50  Drone  
  20  1:51  Extractor  
  20  2:12  Queen  
  20  2:14  Queen  
  24  2:16  Overlord  
  24  2:18  Drone  
  24  2:21  Drone  
  26  2:24  Drone  
  27  2:33  Overlord  
  27  2:48  Queen  
  27  2:49  Queen  
  31  2:58  Drone  
  31  2:59  Drone x5  
  37  3:19  Drone x2  
  39  3:21  Overlord  
  39  3:24  Pneumatized Carapace  
  39  3:25  Queen  
  41  3:37  Evolution Chamber  
  41  3:39  Roach Warren  
  41  3:40  Drone x7  
  46  3:41  Evolution Chamber  
  45  4:02  Overlord x2  
  45  4:04  Extractor  
  45  4:06  Extractor  
  43  4:18  Drone  
  43  4:19  Drone x5, Hatchery  
  48  4:33  Zerg Missile Weapons Level 1  
  48  4:35  Lair  
  48  5:09  Drone x9  
  57  5:19  Spore Crawler  
  56  5:21  Spore Crawler, Drone  
  56  5:24  Drone  
  57  5:38  Glial Reconstitution  
  57  5:52  Spire, Drone x8  
  57  5:53  Drone x3  
  67  6:14  Extractor  
  67  6:16  Roach  
  67  6:17  Roach x3  
  67  6:18  Overlord x4  
  74  6:29  Overlord x4  
  74  6:39  Roach x3  
  80  6:49  Extractor  
  80  6:51  Roach x5  
Tags
 
Add a new tag
Caveats
  • Supply blocks, unpowered buildings, or Contaminate may cause inaccurate times.
  • Supply counts are checked every 10 seconds.